cohdb
Replays
Latest Replays
All Replays
Popular Replays
Top Player Replays
Match Explorer
How It Works
Community
CoH3 Stats
Reddit
Sign in to upload your games and track your stats! →
Sign in with Steam
Match 45937277
Unlisted
Match 45937277
Overview
Messages
Build Orders
End
Construct Barracks
Riflemen Squad
1⁄4-ton 4x4 Truck
Riflemen Squad
Engineer Squad
Construct Medical Station
Riflemen Squad
Air Support Center
Grasshopper Recon Run
P-47 Dive Bomb
Construct Motor Pool
Grenade Package
M1918 Browning Automatic Rifles
Riflemen Squad
Construct Motor Pool
Grasshopper Recon Run
P-47 Strafing Run
Air Supply
Double Sortie
P-47 Dive Bomb
Riflemen Squad
Grasshopper Recon Run
P-47 Strafing Run
Selects Special Operations Battlegroup
Selects Special Operations Battlegroup
Selects M29 Weasel Recon Vehicle
Selects P-47 Anti-Infantry Loiter
Selects UNKNOWN (2162291)
Selects M29 Weasel Recon Vehicle
Selects Mark Vehicle
Selects UNKNOWN (2162291)
Construct Tank Depot
Mark Vehicle
P-47 Dive Bomb
P-47 Strafing Run
M4A1 Sherman Whizbang
P-47 Dive Bomb
Grasshopper Recon Run
M18 Hellcat Tank Destroyer
P-47 Strafing Run
P-47 Dive Bomb
Mark Vehicle
Toxic teammate? Then i go afk
Penultimate Peacock
Boneless
BazookaJoe
0
0
Comments
sign in to comment!
No comments posted yet!